AoeStats
← Daniel

Arena

507955729Analyzed
2v2 RM · 12d ago on Sep 20, 2026· 31m 42s· 4 players
Game mode
Random Map
Map size
Medium (4 player)
Population
200
Speed
Normal
Resources
Standard
Victory
Conquest
Starting age
Dark Age
Ending age
Imperial Age
RankedLock teamsTeams togetherTeam positionsShared explorationLock speedFull tech treeHidden civsTurbo modeCheats
Victory
Defeat
🇨🇳 Turks · China
1073
+15
🇨🇳 Spanish · China
959
+20
🇻🇳 Britons · Vietnam
1068
-18
🇵🇸 Teutons · Palestinian Territories
1031
-17
ccya
11:06 Feudal Age
17:00 Castle Age
16:41 Double-Bit Axe
17:43 Horse Collar
18:43 Gold Mining
19:06 Loom
27:07 Husbandry
27:55 Bloodlines
njdzy2000
1:24 Loom
13:53 Feudal Age
15:03 Horse Collar
15:11 Double-Bit Axe
18:10 Castle Age
22:28 Imperial Age
20:43 Bow Saw
20:35 Heavy Plow
21:18 Gold Mining
22:41 Padded Archer Armor
24:07 Leather Archer Armor
27:16 Wheelbarrow
29:07 Gold Shaft Mining
32:02 Ring Archer Armor
X-ALADDIN-X THE LIONHEART
5:38 Loom
12:27 Feudal Age
17:14 Castle Age
16:31 Wheelbarrow
15:39 Horse Collar
15:47 Double-Bit Axe
17:20 Wheelbarrow
17:38 Gold Mining
17:42 Stone Mining
19:02 Bow Saw
19:04 Heavy Plow
25:13 Stone Shaft Mining
25:34 Fletching
25:45 Padded Archer Armor
26:29 Hand Cart
29:48 Bodkin Arrow
Daniel
9:47 Feudal Age
14:42 Castle Age
14:11 Horse Collar
16:20 Double-Bit Axe
22:27 Wheelbarrow
22:14 Stone Mining
22:29 Heavy Plow
22:41 Bow Saw
24:09 Hand Cart
25:10 Loom
25:50 Elite Skirmisher
26:22 Fletching
26:33 Padded Archer Armor
30:14 Imperial Age
28:15 Bodkin Arrow
29:51 Leather Archer Armor
Connection lost

Rejoining the realm…

Still unreachable

The connection could not be restored.

Session expired

The server has moved on; the page needs a fresh start.